 Dungeon Crawl Stone Soup version 0.27-a0-684-g359e429f13 (webtiles) character file.

Game seed: 16423827019660971322

102 Gaff the Vandal (level 5, -4/34 HPs)
             Began as a Halfling Hunter on Mar 20, 2021.
             Slain by Terence
             ... wielding a +2 vorpal trident
              (6 damage)
             ... on level 3 of the Dungeon.
             The game lasted 00:10:29 (3996 turns).

Gaff the Vandal (Halfling Hunter)                   Turns: 3996, Time: 00:10:30

Health: -4/34      AC:  3    Str: 13    XL:     5   Next: 5%
Magic:  5/5        EV: 15    Int:  9    God:
Gold:   109        SH:  0    Dex: 16    Spells: 4/4 levels left

rFire    + . .     SeeInvis .   b - +0 short sword
rCold    + . .     Faith    .   (shield restricted)
rNeg     . . .     Spirit   .   c - +0 leather armour
rPois    .         Reflect  .   (no helmet)
rElec    .         Harm     .   k - scarf {rC+ rF+}
rCorr    .         Rampage  .   (no gloves)
Will     .....                  (no boots)
Stlth    ++........             (no amulet)
HPRegen  0.11/turn              (no ring)
MPRegen  0.09/turn              (no ring)

@: mighty, brilliant, lethally poisoned (-4 -> -8), about to teleport
A: small, no large weapons, mutation resistance 1
a: no special abilities


You were on level 3 of the Dungeon.
You visited 1 branch of the dungeon, and saw 3 of its levels.

You collected 109 gold pieces.

Inventory:

Hand Weapons
 a - a +1 hunting sling
 b - a +0 short sword (weapon)
Missiles
 d - 52 sling bullets
 l - 84 stones (quivered)
Armour
 c - a +0 leather armour (worn)
 k - a scarf of resistance (worn)
Scrolls
 e - 3 scrolls of identify
 h - 2 scrolls of enchant weapon
 j - a scroll of holy word {unknown}
 m - a scroll of enchant armour {unknown}
 n - a scroll of amnesia {unknown}
Potions
 i - 2 potions of might


   Skills:
 - Level 1.7 Fighting
 * Level 7.4 Slings
 + Level 3.2 Dodging
 + Level 2.6 Stealth


You had 4 spell levels left.
You didn't know any spells.
Your spell library was empty.

Dungeon Overview and Level Annotations

Branches:
Dungeon (3/15)

Altars:

Shops:
D:2 (

Annotations:
D:3 Terence


Innate Abilities, Weirdness & Mutations

You are small and have problems with some larger weapons.
You are somewhat resistant to further mutation.


Message History

The hobgoblin is heavily wounded.
You feel sick. The hobgoblin misses you.
An orc comes into view.
You closely miss the hobgoblin.
The hobgoblin is heavily wounded.
You feel sick. The hobgoblin completely misses you.
You puncture the hobgoblin!
You kill the hobgoblin!
You closely miss the leopard gecko.
You feel sick. The leopard gecko closely misses you.
You miss the leopard gecko. The leopard gecko closely misses you.
The leopard gecko barely misses you.
You closely miss the leopard gecko.
You feel sick.
Terence shouts!
The orc misses you. The leopard gecko misses you.
Terence hits you from afar with a +2 vorpal trident!
* * * LOW HITPOINT WARNING * * *
x2 You barely miss the leopard gecko.
The leopard gecko misses you. The orc closely misses you.
Terence hits you from afar with a +2 vorpal trident!
* * * LOW HITPOINT WARNING * * *
x2
As you read the scroll labelled SIRPHE HEIZONEA, it crumbles to dust.
It is a scroll of identify.
h - 2 scrolls of enchant weapon The leopard gecko completely misses you.
The orc closely misses you. Terence misses you. The leopard gecko misses you.
As you read the scroll labelled HIMIME OKISHING, it crumbles to dust.
You feel strangely unstable.
It was a scroll of teleportation.
You feel sick. The orc barely misses you. Terence closely misses you.
The leopard gecko bites you.
* * * LOW HITPOINT WARNING * * *
It was a potion of brilliance.
You feel clever all of a sudden. The orc barely misses you.
The leopard gecko barely misses you. Terence misses you.
You hit the orc.
The orc is almost dead.
The orc closely misses you. The leopard gecko misses you.
Terence hits you from afar with a +2 vorpal trident.
You die...

#.##.# ##
#....#
#...##..###
#.......#
#...###.#
##. #.# # #
#@# .. #o#
... #@#
...> #l#
..... #.#
......###.#
.b.g..S..(#
......#####
..... ....
###


You could see Terence, an orc and a leopard gecko.

Vanquished Creatures
  4 adders
  A worm (D:2)
  3 dart slugs
  2 leopard geckos (D:1)
  An orc (D:2)
  7 bats
  2 giant cockroaches
  5 goblins (D:2)
  7 hobgoblins
  5 jackals (D:1)
  A quokka (D:2)
  6 frilled lizards
  3 kobolds
  5 rats
52 creatures vanquished.

Notes
Turn   | Place    | Note
-------+----------+-------------------------------------------
     0 | D:1      | Gaff the Halfling Hunter began the quest for the Orb.
     0 | D:1      | Reached XP level 1. HP: 14/14 MP: 1/1
   154 | D:1      | Reached skill level 6 in Slings
   420 | D:1      | Reached XP level 2. HP: 11/19 MP: 2/2
  1053 | D:1      | Reached XP level 3. HP: 24/24 MP: 3/3
  1364 | D:2      | Found Rikaurphe's Weapon Boutique.
  1713 | D:2      | Reached XP level 4. HP: 20/29 MP: 4/4
  1730 | D:2      | Reached skill level 7 in Slings
  2967 | D:3      | Noticed Terence
  3978 | D:3      | Reached XP level 5. HP: 10/34 MP: 5/5
  3996 | D:3      | Slain by Terence

Illustrated notes

Levels and vault maps discovered:
D:1:      giann_bridges, layout_basic, serial_rivers,
          chequers_serial_rivers_micro_c, chequers_serial_rivers_large_b,
          chequers_serial_rivers_small_b, chequers_serial_rivers_micro_a
D:2:      layout_basic, serial_shops, nicolae_shop_waterfront
D:3:      layout_loops_ring, uniq_terence

Skill      XL: |  1  2  3  4 |
---------------+-------------+-----
Slings         | 6 7 |  7.4
Stealth        | 2 |  2.6
Dodging        | 3 |  3.2
Fighting       | |  1.7

Action                   |  1- 3 |  4- 6 || total
-------------------------+-------+-------++-------
Melee: Short sword       |   111 |   121 ||   232
 Fire: Hunting sling     |    10 |    20 ||    30
  Use: Potion            |       |     3 ||     3
       Scroll            |       |     2 ||     2
 Stab: Sleeping          |     2 |       ||     2
Armor: Leather armour    |    28 |    25 ||    53
Dodge: Dodged            |    75 |   131 ||   206

Table legend: (Time is in decaauts)
 A = Elapsed time spent in this place.
 B = Non-inter-level travel time spent in this place.
 C = Inter-level travel time spent in this place.
 D = Time resting spent in this place.
 E = Time spent auto-exploring this place.
 F = Levels seen in this place.
 G = Mean time per level.
                   A        B        C        D        E       F      G
               +--------+--------+--------+--------+--------+-----+--------+
         Total |   4039 |   3892 |    147 |   1699 |   1002 |   3 | 1346.3 |
       Dungeon |   4039 |   3892 |    147 |   1699 |   1002 |   3 | 1346.3 |
               +--------+--------+--------+--------+--------+-----+--------+

Top non-repeatable levels by time:
     D:2: 1842 daAuts
     D:1: 1826 daAuts
     D:3: 369 daAuts
